 Dungeon Crawl Stone Soup version 0.31.0-9-g3a7656b989 (webtiles) character file.

Game seed: 14512611648679196552

2419 Bnni the Cutter (level 9, -12/48 HPs)
             Began as a Vine Stalker Fighter on Jan 31, 2024.
             Was an Elder of Uskayaw.
             Killed from afar by Maurice (14 damage)
             ... with a bolt of acid
             ... on level 7 of the Dungeon on Feb 1, 2024.
             The game lasted 00:11:22 (5040 turns).

Bnni the Cutter (Vine Stalker Fighter)              Turns: 5040, Time: 00:11:23

Health: -12/48     AC:  5    Str: 18    XL:     9   Next: 48%
Magic:  0/14       EV:  5    Int:  8    God:    Uskayaw [****..]
Gold:   0          SH:  6    Dex: 19    Spells: 8/8 levels left

rFire   . . .        n - +2 dagger (venom)
rCold   . . .        c - +0 buckler
rNeg    . . .        z - +0 plate armour
rPois   .            o - +0 helmet
rElec   .            y - +0 cloak
rCorr   .            (no gloves)
SInv    .            (no boots)
Will    +....        m - amulet of magic regeneration Stlth
                     (no ring)
HPRegen 1.08/turn    (no ring)
MPRegen 0.54/turn

%: guardian spirit
@: corroded, studying Axes
A: fangs 3, regeneration 1, magic shield, antimagic bite, no potion heal 2
a: Renounce Religion, Stomp, Line Pass


You were on level 7 of the Dungeon.
You worshipped Uskayaw.
Uskayaw was noncommittal.
You visited 2 branches of the dungeon, and saw 8 of its levels.
You also visited: Sewer.

Inventory:

Hand Weapons
 n - a +2 dagger of venom (weapon)
Armour
 c - a +0 buckler (worn)
 o - a +0 helmet (worn)
 y - a +0 cloak (worn)
 z - a +0 plate armour (worn)
Jewellery
 m - an amulet of magic regeneration (around neck)
Wands
 b - a wand of charming (4)
Scrolls
 h - a scroll of blinking
 i - a scroll of torment {unknown}
 j - 3 scrolls of fear
 q - a scroll of enchant armour {unknown}
 r - a scroll of summoning {unknown}
 s - 2 scrolls of teleportation {unknown}
 t - a scroll of immolation {unknown}
 x - a scroll of acquirement {unknown}
 C - a scroll of revelation {unknown}
Potions
 a - 4 potions of lignification {unknown}
 d - a potion of might
 e - 3 potions of brilliance
 f - 3 potions of haste
 g - a potion of invisibility {unknown}
 k - a potion of attraction
 p - 2 potions of ambrosia {unknown}
 u - 3 potions of heal wounds {unknown}
 v - 3 potions of curing {unknown}
 w - a potion of mutation {unknown}
 D - a potion of magic {unknown}


   Skills:
 + Level 5.7 Fighting
 * Level 7.6 Short Blades
 - Level 2.4 Armour
 + Level 4.8 Stealth
 - Level 4.0 Shields
 * Level 5.6 Invocations


You had 8 spell levels left.
You didn't know any spells.
Your spell library contained the following spells:

 Spells                   Type           Power      Damage    Failure   Level
 Sting                    Conj/Alch      0%         1d3       100%        1
 Mercury Vapours          Alch/Air       0%         N/A       100%        2
 Mephitic Cloud           Conj/Alch/Air  0%         N/A       100%        3
 Anguish                  Hex/Necr       0%         N/A       100%        4
 Cause Fear               Hex            0%         N/A       100%        4
 Dispel Undead            Necr           0%         3d6       100%        4
 Olgreb's Toxic Radiance  Alch           0%         N/A       100%        4
 Freezing Cloud           Conj/Ice/Air   0%         6-21      100%        5
 Summon Cactus Giant      Summ           0%         N/A       100%        6
 Enfeeble                 Hex            0%         N/A       100%        7
 Dragon's Call            Summ           0%         N/A       100%        9


Dungeon Overview and Level Annotations

Branches:
Dungeon (7/15)             Temple (1/1) D:5           Sewer (visited)

Altars:
Dithmenos
Elyvilon
Gozag
Kikubaaqudgha
Makhleb
Nemelex Xobeh
Okawaru
Qazlal
Ru
Sif Muna
Trog
Uskayaw
Vehumet
Wu Jian
Xom
The Shining One

Annotations:
D:7 Maurice


Innate Abilities, Weirdness & Mutations

You have razor-sharp teeth.
Your natural rate of healing is unusually fast.
When hurt, damage is shared between your health and your magic reserves.
Your bite disrupts and absorbs the magic of your enemies.
Potions cannot restore your health.


Message History

You hit something but do no damage. Your bite misses something.
You hear the hiss of an avalanche of sand very nearby.
Aiming: Corrosive Bolt
Press: ? - help, Shift-Dir - straight line The bolt of acid hits something!
Something hits you.
Something grunts, "Curses!"
Something bites you but does no damage.
Unknown command.
Aiming: Corrosive Bolt
Press: ? - help, Shift-Dir - straight line The now-empty wand crumbles to dust.
You hear a zap.
A bolt of acid appears from out of thin air!
The bolt of acid hits you. The acid corrodes you!
Unknown command.
Okay, then.
You barely miss something. You bite something. You drain its magic.
You feel invigorated. Something hits you!
* * * LOW HITPOINT WARNING * * *
Something grunts, "Curses!"
Something bites you.
* * * LOW HITPOINT WARNING * * *
You feel your power leaking away. Something drains your magic.
Uskayaw will force your foes to share their pain.
You hit something but do no damage.
Unknown command.
You hit something but do no damage. Your bite misses something.
Something hits you!
* * * LOW HITPOINT WARNING * * *
Something mutters, "Now where did you hide it?"
Something bites you.
* * * LOW HITPOINT WARNING * * *
Something drains your magic.
Okay, then.
You closely miss something. You bite something.
You hear a zap.
A bolt of acid appears from out of thin air!
The bolt of acid hits you!
You die...

............#
...........<
...........#
........... .......(..#
#... ..........# ....
.........## ..{..
..........# .....
.........@## ......
.............{# #..M...
...........##.##.......
#..........#...).......
#.....<..#..##........
..##
#......#..###........
...## #....#..##
#........ ....#
#..#..## ########.
....# ##..##


There were no monsters in sight!

Vanquished Creatures
  A troll (D:6)
  Sigmund (D:6)
  Menkaure (D:7)
  A water moccasin (D:5)
  An ice beast (D:6)
  An orc warrior (D:7)
  A centaur (D:7)
  2 bullfrogs
  A kobold brigand (D:7)
  3 scorpions
  5 wights
  2 howler monkeys (D:5)
  4 hounds
  2 bombardier beetles
  2 jellies
  2 orc priests
  2 iguanas (D:5)
  2 orc wizards (D:6)
  3 sleepcaps
  3 gnolls (D:4)
  2 river rats (D:4)
  16 adders
  A white imp (D:6)
  10 dart slugs
  3 ribbon worms
  11 orcs
  9 bats
  7 endoplasms
  19 giant cockroaches
  8 goblins
  8 hobgoblins
  4 quokkas
  17 ball pythons
  16 frilled lizards
  9 kobolds
  3 rats
183 creatures vanquished.

Notes
Turn   | Place    | Note
-------+----------+-------------------------------------------
     0 | D:1      | Bnni the Vine Stalker Fighter began the quest for the Orb.
     0 | D:1      | Reached XP level 1. HP: 11/11 MP: 2/2
   104 | D:1      | Reached skill level 2 in Short Blades
   137 | D:1      | Reached XP level 2. HP: 16/16 MP: 3/3
   473 | D:1      | You fall into a shaft and drop 1 floor!
   568 | D:1      | Reached XP level 3. HP: 19/19 MP: 4/4
  1217 | D:2      | Reached XP level 4. HP: 19/24 MP: 5/5
  1513 | D:2      | Reached skill level 3 in Short Blades
  1870 | D:3      | Reached XP level 5. HP: 28/28 MP: 6/6
  2011 | D:3      | Found a white marble altar of Elyvilon.
  2705 | D:4      | Got Wafirgh's Volume of Bodies and Leadership
  2746 | D:4      | Found a glowing drain.
  2757 | Sewer    | Entered a sewer
  2876 | Sewer    | Reached XP level 6. HP: 32/32 MP: 7/7
  2888 | Sewer    | Reached skill level 4 in Short Blades
  3384 | D:4      | Reached XP level 7. HP: 35/37 MP: 8/8
  3417 | D:4      | Reached skill level 5 in Short Blades
  3647 | D:5      | Entered Level 5 of the Dungeon
  3695 | D:5      | Found a staircase to the Ecumenical Temple.
  3713 | Temple   | Entered the Ecumenical Temple
  3733 | Temple   | Became a worshipper of Uskayaw the Reveller
  3780 | D:5      | Reached * piety under Uskayaw
  3788 | D:5      | Reached ** piety under Uskayaw
  3860 | D:5      | Reached skill level 1 in Stealth
  3860 | D:5      | Reached skill level 1 in Invocations
  4014 | D:5      | Found a shimmering blue altar of Sif Muna.
  4210 | D:5      | Gained mutation: You have razor-sharp teeth. [Vine Stalker
                  | growth]
  4210 | D:5      | Reached XP level 8. HP: 37/42 MP: 8/10
  4228 | D:5      | Reached skill level 6 in Short Blades
  4230 | D:5      | Reached *** piety under Uskayaw
  4268 | D:6      | HP: 1/38 [wight/+3 spear of freezing (1)]
  4270 | D:6      | Reached **** piety under Uskayaw
  4328 | D:6      | Reached skill level 5 in Fighting
  4337 | D:6      | Noticed Sigmund
  4341 | D:6      | Noticed a troll
  4355 | D:6      | Killed a troll
  4360 | D:6      | Reached ***** piety under Uskayaw
  4363 | D:6      | Killed Sigmund
  4364 | D:6      | Reached XP level 9. HP: 28/47 MP: 13/13
  4370 | D:6      | Reached ****** piety under Uskayaw
  4380 | D:6      | Reached skill level 7 in Short Blades
  4549 | D:6      | Found an ornate altar of the Wu Jian Council.
  4830 | D:6      | Reached skill level 5 in Invocations
  5004 | D:7      | Noticed Menkaure
  5006 | D:7      | Noticed Maurice
  5021 | D:7      | Killed Menkaure
  5021 | D:7      | Something stole a +4 scimitar of freezing
  5024 | D:7      | Something stole 5 poisoned darts
  5026 | D:7      | Something stole 366 gold
  5039 | D:7      | HP: 1/48 [something (3)]
  5040 | D:7      | Killed from afar by Maurice

Illustrated notes

Levels and vault maps discovered:
D:1:      dpeg_arrival_renting, layout_basic, minmay_misc_feat_four_crosses
D:2:      minmay_spotlight, layout_basic
D:3:      layout_basic, amcnicky_altar_gilded
D:4:      layout_cave_pools, portal_sewer_entry_a
D:5:      layout_basic, mainiacjoe_overflow_catwalk,
          minmay_temple_entry_proselytizer
D:6:      layout_cave_pools, nicolae_overflow_hidden_temple, minmay_manual_mail,
          uniq_sigmund
D:7:      layout_cave_pods, lemuel_doored_altar, chequers_ossuary_entry_cave,
          uniq_menkaure, uniq_maurice, uniq_duvessa
Temple:   dshaligram_water_room_temple

Skill      XL: |  1  2  3  4  5  6  7  8  9 |
---------------+----------------------------+-----
Short Blades   | 2 3 4 5 6 7 |  7.6
Shields        | 3 4 |  4.0
Fighting       | 3 4 5 |  5.7
Stealth        | 1 3 4 |  4.8
Invocations    | 2 4 5 |  5.6
Armour         | |  2.4

Action                     |  1- 3 |  4- 6 |  7- 9 || total
---------------------------+-------+-------+-------++-------
  Melee: Rapier            |    50 |       |       ||    50
         Bite              |    17 |    76 |   101 ||   194
         Dagger            |    34 |   228 |   272 ||   534
 Invoke: Line Pass         |       |       |     4 ||     4
  Evoke: Wand              |       |       |     5 ||     5
    Use: Scroll            |       |     5 |     1 ||     6
   Stab: Paralysed         |       |       |     4 ||     4
         Confused          |       |       |     3 ||     3
 Armour: Scale mail        |    65 |   125 |     3 ||   193
         Plate armour      |       |       |   241 ||   241
  Dodge: Dodged            |    33 |    81 |    45 ||   159
  Block: Buckler           |    20 |    58 |    50 ||   128
